 Dungeon Crawl Stone Soup version 0.30-a0-715-gdb4ae3ece1 (webtiles) character file.

Game seed: 10565000961654292903

9 Newt the Ducker (level 2, 22/22 HPs)
             Began as a Demonspawn Gladiator on Jan 23, 2023.
             Was a High Priest of Ignis.
             Quit the game on level 1 of the Dungeon.
             The game lasted 00:00:23 (203 turns).

Newt the Ducker (Demonspawn Gladiator)               Turns: 203, Time: 00:00:24

Health: 22/22      AC:  4    Str: 14    XL:     2   Next: 6%
Magic:  2/2        EV: 12    Int:  9    God:    Ignis [*****.]
Gold:   34         SH:  0    Dex: 14    Spells: 1/1 levels left

rFire   + . .      SeeInvis .    a - +0 rapier
rCold   . . .      Faith    .    (no shield)
rNeg    . . .      Spirit   .    b - +0 leather armour
rPois   .          Reflect  .    c - +0 helmet
rElec   .          Harm     .    (no cloak)
rCorr   .          Rampage  .    (no gloves)
Will    .....                    (no boots)
Stlth   ++                       (no amulet)
HPRegen 0.23/turn                (no ring)
MPRegen 0.08/turn                (no ring)

@: no status effects
A: hooves 1
a: Renounce Religion, Fiery Armour, Foxfire Swarm, Rising Flame


You were on level 1 of the Dungeon.
You worshipped Ignis.
Ignis was extremely pleased with you.
You visited 1 branch of the dungeon, and saw 1 of its levels.

You collected 34 gold pieces.

Inventory:

Hand Weapons
 a - a +0 rapier (weapon)
Missiles
 d - 3 throwing nets (quivered)
 e - a javelin
Armour
 b - a +0 leather armour (worn)
 c - a +0 helmet (worn)
Potions
 f - a potion of degeneration {unknown}
 g - a potion of resistance {unknown}


   Skills:
 - Level 2.0 Fighting
 - Level 2.6 Short Blades
 - Level 1.7 Throwing
 - Level 2.6 Dodging
 + Level 1.7 Stealth


You had one spell level left.
You didn't know any spells.
Your spell library was empty.

Dungeon Overview and Level Annotations

Branches:
Dungeon (1/15)

Altars:
Ignis


Innate Abilities, Weirdness & Mutations

You have large cloven feet.


Message History

The ball python constricts you.
You hit the ball python.
The ball python is moderately wounded.
The ball python closely misses you. The ball python constricts you.
You puncture the ball python!
You kill the ball python!
You have reached level 2!
Your demonic ancestry asserts itself...
Your feet thicken and deform.
A rat comes into view.
The kobold barely misses you.
The rat twitches its whiskers.
You see here a ball python corpse.
You miss the kobold. The kobold hits you but does no damage.
You hit the kobold.
You kill the kobold!
Things that are here:
a +0 whip; 3 stones The rat barely misses you.
You hit the rat but do no damage. The rat closely misses you.
You hit the rat.
You kill the rat!
No target in view!
No target in view!
No target in view!
No target in view!
No target in view!
No target in view!
No target in view!
Things that are here:
a +0 whip; 3 stones You see here a ball python corpse.
Search for what [? for help]? .
There is a huge open gate here.
There is a huge open gate here.
There is a faded altar of an unknown god here.
This altar belongs to (a) Ignis, (b) Wu Jian or (c) Jiyva, but you can't tell which.
Press the corresponding letter to learn more about a god, or press enter to convert or escape to cancel.
Ignis accepts your prayer! Ignis welcomes you!
Are you sure you want to abandon this character and quit the game? (Confirm with "yes".)

#. #.#......## #.###...# #.
##...###### #.# #.#.# ##..
#..### #.# #.#.# #...##..#
#.# #.#.# ........#########
#.###.#.#
.##.#...........#####..##.#.#
#.#...#††'''''............##
#.#..###.'''''.#####.##.#...
.# #.#..# #.''@''.# #.##.#.##
#. #....###.'''''.# #.##.#.#
..# ##.....#.'''''## #.##.#.#
.....##..##.#......# #.##...#
.# #.....##.####..## #.##...#
.# ###............# #.##†..#
.#####...#........# #)..#
.>......###.......# #...#
.#..##..# #......># #†..#


There were no monsters in sight!

Vanquished Creatures
  A ball python (D:1)
  An endoplasm (D:1)
  A giant cockroach (D:1)
  A goblin (D:1)
  2 bats (D:1)
  A frilled lizard (D:1)
  2 kobolds (D:1)
  A rat (D:1)
10 creatures vanquished.

Notes
Turn   | Place    | Note
-------+----------+-------------------------------------------
     0 | D:1      | Newt the Demonspawn Gladiator began the quest for the Orb.
     0 | D:1      | Reached XP level 1. HP: 16/16 MP: 1/1
    47 | D:1      | Reached skill level 1 in Stealth
    74 | D:1      | Found a faded altar of an unknown god.
   174 | D:1      | Gained mutation: You have large cloven feet. [demonic
                  | ancestry]
   174 | D:1      | Reached XP level 2. HP: 22/22 MP: 2/2
   202 | D:1      | Prayed at the altar of an unknown god.
   202 | D:1      | Became a worshipper of Ignis, the Dying Flame
   203 | D:1      | Quit the game

Illustrated notes

Levels and vault maps discovered:
D:1:      ncdulo_halloftheorcs, layout_rooms,
          hellmonk_ecumenical_altar_heavens_door, roderic_lattice_a

Skill      XL: |  1 |
---------------+----+-----
Stealth        | 1 |  1.7
Fighting       | |  2.0
Short Blades   | |  2.6
Throwing       | |  1.7
Dodging        | |  2.6

Action                     || total
---------------------------++-------
  Melee: Rapier            ||    21
   Stab: Sleeping          ||     3
 Armour: Leather armour    ||     5
  Dodge: Dodged            ||    13

Table legend: (Time is in decaauts)
 A = Elapsed time spent in this place.
 B = Non-inter-level travel time spent in this place.
 C = Inter-level travel time spent in this place.
 D = Time resting spent in this place.
 E = Time spent auto-exploring this place.
 F = Levels seen in this place.
 G = Mean time per level.
                   A        B        C        D        E       F      G
               +--------+--------+--------+--------+--------+-----+--------+
         Total |    204 |    176 |     28 |      0 |    109 |   1 |  204.0 |
       Dungeon |    204 |    176 |     28 |      0 |    109 |   1 |  204.0 |
               +--------+--------+--------+--------+--------+-----+--------+

Top non-repeatable levels by time:
     D:1: 204 daAuts
